 Dungeon Crawl Stone Soup version 0.21-a0-29-g43b3074 (webtiles) character file.

1946 tof the Blocker (level 8, -16/71 HPs)
             Began as a Minotaur Fighter on May 26, 2017.
             Demolished by a two-headed ogre
             ... wielding a +0 giant club
              (18 damage)
             ... on level 9 of the Dungeon.
             The game lasted 00:12:49 (5328 turns).

tof the Blocker (Minotaur Fighter)                  Turns: 5328, Time: 00:12:49

Health: -16/71     AC: 12    Str: 27    XL:     8   Next: 98%
Magic:  0/7        EV: 11    Int:  5    God:
Gold:   200        SH: 18    Dex: 11    Spells: 7/7 levels left

rFire    + . .     SeeInvis .   s - +1 mace (holy)
rCold    . . .     Gourm    .   l - +0 large shield {AC+3}
rNeg     . . .     Faith    .   G - +3 leather armour {rF+}
rPois    .         Spirit   +   (helmet restricted)
rElec    .         Reflect  .   D - scarf {Spirit}
rCorr    .         Harm     .   u - +1 pair of gloves
MR       .....                  (no boots)
Stlth    +.........             (no amulet)
Regen    0.3/turn               x - +4 ring of evasion
MPRegen  0.1/turn               (no ring)

@: mighty, lethally poisoned (-16 -> -18)
A: retaliatory headbutt, horns 2
a: no special abilities


You were on level 9 of the Dungeon.
You were hungry.

You visited 1 branch of the dungeon, and saw 7 of its levels.

You collected 225 gold pieces.
You spent 25 gold pieces at shops.

Inventory:

Hand Weapons
 a - a +0 flail
 s - a +1 mace of holy wrath (weapon)
Armour
 b - a +0 scale mail
 c - a +0 shield
 l - a +0 large shield of protection (worn)
 u - a +1 pair of gloves (worn)
 D - a scarf of spirit shield (worn)
 G - a +3 leather armour of fire resistance (worn)
Jewellery
 x - a +4 ring of evasion (left hand)
 y - an uncursed ring of wizardry {unknown}
Wands
 A - a wand of flame (11/48)
 H - a wand of iceblast (9/15)
Scrolls
 e - a scroll of fear {unknown}
 h - 3 scrolls of teleportation {unknown}
 i - a scroll of fog {unknown}
 j - 2 scrolls of identify {unknown}
 k - 2 scrolls of amnesia
 m - 3 scrolls of enchant weapon
 o - a scroll of blinking {unknown}
 p - 5 scrolls of remove curse
 r - 2 scrolls of recharging {unknown}
 t - a scroll of enchant armour {unknown}
Potions
 d - a potion of might
 g - a potion of brilliance {unknown}
 n - 3 potions of agility {unknown}
 q - a potion of resistance {unknown}
 v - a potion of invisibility {unknown}
 w - a potion of mutation {unknown}
 z - a potion of experience {unknown}
 B - a potion of ambrosia {unknown}
Books
 I - a book of Minor Magic

   Spells                             Type                      Level
   a - Magic Dart                     Conjuration                  1
   b - Blink                          Translocation                2
   c - Call Imp                       Summoning                    2
   d - Slow                           Hexes                        2
   e - Conjure Flame                  Conjuration/Fire             3
   f - Mephitic Cloud                 Conjuration/Poison/Air       3
Comestibles
 f - 5 bread rations
 E - 2 royal jellies
 F - 2 fruits


   Skills:
 + Level 6.6 Fighting
 * Level 8.2 Maces & Flails
 + Level 7.3 Armour
 * Level 8.7 Shields


You had 7 spell levels left.
You didn't know any spells.

Dungeon Overview and Level Annotations

Branches:
Dungeon (6/15)
 Temple: D:4-7

Altars:
Zin

Shops:
D:5 *   D:6 *


Innate Abilities, Weirdness & Mutations

You reflexively headbutt those who attack you in melee.
You have a pair of horns on your head.


Message History

You kill the orc!
You block the orc's attack. You block the two-headed ogre's attack.
The two-headed ogre hits you but does no damage.
You hit the orc.
The orc is almost dead.
You feel sick.
You hit the orc but do no damage.
The orc is almost dead.
You block the orc's attack. You block the two-headed ogre's attack.
The two-headed ogre hits you with a giant club!
* * * LOW HITPOINT WARNING * * *
You hit the orc.
You kill the orc!
The two-headed ogre closely misses you. x2
* * * LOW HITPOINT WARNING * * *
You feel sick.
Items here: ))) [ ††† You feel very mighty all of a sudden.
The two-headed ogre hits you with a giant club!!
You die...

##...........
#.##.###... .. #.##.#
#) #.##.###.##. . #.
#.##.......... ..
###.##.###.##.. #.
#............. #.
###.##.###.##..######.
#....@O)..............
###.##.###.##.#######.
# ### # ##


You could see a two-headed ogre.

Vanquished Creatures
  Grinder (D:5)
  Eustachio (D:5)
  A water moccasin (D:9)
  A black bear (D:9)
  A sky beast (D:9)
  A necrophage (D:5)
  3 centaurs (D:5)
  3 ogres
  A scorpion (D:4)
  A water moccasin skeleton (D:9)
  A crimson imp (D:6)
  A bullfrog zombie (D:9)
  3 orc priests
  2 bullfrog skeletons
  An orc wizard (D:4)
  Terence (D:2)
  4 worker ants
  A howler monkey zombie (D:9)
  Robin (D:2)
  3 gnolls (D:2)
  10 adders
  A shadow imp (D:4)
  4 oozes
  2 adder skeletons (D:4)
  2 worms
  3 dart slugs
  2 leopard geckos
  13 orcs
  3 giant cockroaches
  16 goblins
  9 hobgoblins
  6 kobolds
  3 quokkas
  A ball python (D:3)
  7 bats
  4 frilled lizards
  10 rats
128 creatures vanquished.

Notes
Turn   | Place    | Note
-------+----------+-------------------------------------------
     0 | D:1      | tof the Minotaur Fighter began the quest for the Orb.
     0 | D:1      | Reached XP level 1. HP: 19/19 MP: 0/0
   166 | D:1      | Reached XP level 2. HP: 27/27 MP: 1/1
   298 | D:1      | Reached XP level 3. HP: 31/33 MP: 2/2
   710 | D:2      | Reached XP level 4. HP: 36/40 MP: 3/3
   907 | D:2      | Noticed Robin
   909 | D:2      | Noticed Terence
   935 | D:2      | Killed Robin
   943 | D:2      | Killed Terence
   943 | D:2      | Reached skill level 5 in Shields
  1341 | D:2      | Reached XP level 5. HP: 46/46 MP: 4/4
  2116 | D:3      | Noticed an ogre
  2121 | D:3      | Killed an ogre
  2121 | D:3      | Reached skill level 5 in Armour
  2511 | D:4      | Reached XP level 6. HP: 53/53 MP: 5/5
  2779 | D:4      | Found a glowing silver altar of Zin.
  2912 | D:4      | Reached skill level 5 in Maces & Flails
  3069 | D:4      | Reached skill level 5 in Fighting
  3305 | D:4      | Reached XP level 7. HP: 61/61 MP: 6/6
  3526 | D:5      | Entered Level 5 of the Dungeon
  3823 | D:5      | Found Qier Exi's Elemental Accessories.
  3830 | D:5      | Noticed Eustachio
  3897 | D:5      | Killed Eustachio
  4199 | D:5      | Noticed Grinder
  4206 | D:5      | Paralysed by Grinder for 2 turns
  4209 | D:5      | Killed Grinder
  4209 | D:5      | Reached XP level 8. HP: 55/70 MP: 5/7
  4944 | D:6      | Found Astinump's Assorted Antiques.
  4948 | D:6      | Bought a black potion for 25 gold pieces
  4981 | D:6      | You fall through a shaft for 3 floors!
  5217 | D:9      | Noticed a two-headed ogre
  5323 | D:9      | HP: 2/71 [two-headed ogre/giant club (10)]
  5328 | D:9      | Demolished by a two-headed ogre

Vault maps used:
D:1:      dpeg_arrival_long_road
D:2:      uniq_robin, uniq_terence
D:4:      overflow_temple_1_default, first_bread, serial_glass, glass_columns_b,
          glass_columns_a, glass_columns_c, glass_columns_a, glass_columns_c,
          glass_columns_b, glass_columns_b, glass_columns_a,
          minmay_strange_pillars, minmay_strange_pillars, feat_on_display
D:5:      nicolae_elemental_shop, uniq_eustachio, uniq_grinder
D:6:      serial_shops, shop
D:9:      david_lair_shrubbed, hiddenorc2_lemuel, serial_shops, shop_scrolls

Skill      XL: |  1  2  3  4  5  6  7  8 |
---------------+-------------------------+-----
Shields        | 4 5 6 7 8 |  8.7
Maces & Flails | 3 4 5 6 8 |  8.2
Armour         | 4 5 6 7 |  7.3
Fighting       | 4 5 6 |  6.6

Action                   |  1- 3 |  4- 6 |  7- 9 || total
-------------------------+-------+-------+-------++-------
Melee: Flail             |    79 |    39 |       ||   118
       Headbutt          |    13 |    36 |    36 ||    85
       Mace              |       |   142 |   171 ||   313
  Use: Scroll            |       |     3 |       ||     3
       Potion            |       |       |     1 ||     1
  Eat: Chunk             |       |     8 |     5 ||    13
       Fruit             |       |       |     1 ||     1
Armor: Scale mail        |    41 |    36 |    46 ||   123
       Leather armour    |       |       |    20 ||    20
Dodge: Dodged            |    26 |    43 |    85 ||   154
Block: Shield            |    46 |       |       ||    46
       Large shield      |    11 |   132 |   202 ||   345
